 Dungeon Crawl Stone Soup version 0.30-a0-568-g124715a40b (webtiles) character file.

Game seed: 250551380268750475

411476 Zonian the Impassioned (level 23, -19/100 (125) HPs)
             Began as a Vine Stalker Brigand on Dec 28, 2022.
             Was a Follower of Uskayaw.
             Killed from afar by a shadow dragon (36 damage)
             ... with a bolt of negative energy
             ... on level 4 of the Vaults.
             The game lasted 04:17:43 (62381 turns).

Zonian the Impassioned (Vine Stalker Brigand)      Turns: 62381, Time: 04:17:44

HP:   -19/100 (125) AC: 18    Str: 11    XL:     23   Next: 51%
MP:   0/43          EV: 19    Int: 25    God:    Uskayaw [*.....]
Gold: 2817          SH: 15    Dex: 26    Spells: 9/52 levels left

rFire   + . .      SeeInvis +    i - +8 short sword (drain)
rCold   + + +      Faith    .    T - +3 buckler
rNeg    . . .      Spirit   +    P - +4 skin of Zhor {*Englaciate rC+++ SInv}
rPois   +          Reflect  +    K - +3 crown of Dyrovepreva {rElec Int+2 SInv}
rElec   +          Harm     .    c - +2 cloak
rCorr   .          Rampage  +    S - +2 pair of gloves
Will    ++...                    L - +2 pair of boots {rampage}
Stlth   +++++++                  E - amulet "Ecef" {Reflect SH+5 Stlth+}
HPRegen 1.16/turn                v - ring "Udowequth" {rPois Str-2 Int+6 Dex+4}
MPRegen 0.28/turn                q - ring "Qeyluf" {Contam rElec rF+ rC+ Int+2}

@: heavily drained
A: fangs 3, regeneration 1, magic shield, antimagic bite, no potion heal 2, weak
1
}: 2/15 runes: decaying, gossamer
a: Renounce Religion, Stomp


You were on level 4 of the Vaults.
You worshipped Uskayaw.
Uskayaw was most pleased with you.
You visited 9 branches of the dungeon, and saw 41 of its levels.
You visited the Abyss 1 time.
You also visited: Sewer and Gauntlet.

You collected 5959 gold pieces.
You spent 3142 gold pieces at shops.

Inventory:

Hand Weapons
 a - the +5 short sword "Owkoz" {speed, Stlth+}
   (You took it off a deep elf archer on level 1 of the Elven Halls)

   Attacks with this weapon are significantly faster.
   Stlth:     It makes you more stealthy.
 b - a +4 sling of electrocution
 i - a +8 short sword of draining (weapon)
Missiles
 n - 5 boomerangs of dispersal
 s - 4 silver javelins (quivered)
 y - 18 poisoned darts
 R - 14 atropa-tipped darts
 U - 13 javelins
 V - a curare-tipped dart
Armour
 c - a +2 cloak (worn)
 K - the +3 crown of Dyrovepreva (worn) {rElec Int+2 SInv}
   (You found it on level 2 of the Depths)

   Int:       It affects your intelligence (+2).
   rElec:     It insulates you from electricity.
   SInv:      It lets you see invisible.
 L - a +2 pair of boots of rampaging (worn)
 P - the +4 skin of Zhor (worn) {*Englaciate rC+++ SInv}
   (You found it on level 10 of the Dungeon)

   It radiates cold, occasionally slowing all nearby creatures who are not
   resistant to cold.
   rC:        It renders you almost immune to cold.
   SInv:      It lets you see invisible.
 S - a +2 pair of gloves (worn)
 T - a +3 buckler (worn)
Jewellery
 q - the ring "Qeyluf" (right hand) {Contam rElec rF+ rC+ Int+2}
   (You found it on level 1 of the Swamp)

   [ring of protection from fire]

   Int:       It affects your intelligence (+2).
   rF:        It protects you from fire.
   rC:        It protects you from cold.
   rElec:     It insulates you from electricity.
   Contam:    It causes magical contamination when unequipped.
 v - the ring "Udowequth" (left hand) {rPois Str-2 Int+6 Dex+4}
   (You acquired it on level 3 of the Elven Halls)

   [ring of intelligence]

   Str:       It affects your strength (-2).
   Int:       It affects your intelligence (+6).
   Dex:       It affects your dexterity (+4).
   rPois:     It protects you from poison.
 E - the amulet "Ecef" (around neck) {Reflect SH+5 Stlth+}
   (You took it off a deep elf zephyrmancer on level 3 of the Elven Halls)

   [amulet of reflection]

   It reflects blocked missile attacks.
   SH:        It affects your SH (+5).
   Stlth:     It makes you more stealthy.
Wands
 d - a wand of digging (3)
 u - a wand of roots (20)
 x - a wand of acid (24)
 z - a wand of mindburst (4)
 I - a wand of flame (7)
 Z - a wand of charming (35)
Scrolls
 g - a scroll of immolation
 h - 6 scrolls of fear
 o - 4 scrolls of silence
 A - a scroll of summoning
 C - 15 scrolls of teleportation
 D - 2 scrolls of blinking
 H - 2 scrolls of fog
 J - a scroll of enchant armour
 Q - 7 scrolls of poison
 Y - 6 scrolls of magic mapping
Potions
 e - 5 potions of invisibility
 f - 8 potions of haste
 j - 5 potions of brilliance
 k - 3 potions of berserk rage
 m - 2 potions of resistance
 p - 7 potions of flight
 r - 2 potions of might
 t - 4 potions of magic
 w - 18 potions of curing
 F - 10 potions of lignification
 M - 2 potions of cancellation
 X - 15 potions of ambrosia
Miscellaneous
 N - a phial of floods
 O - a lightning rod (4/4)
 W - a tin of tremorstones (1/2)


   Skills:
 - Level 14.4 Fighting
 - Level 10.0 Short Blades
 - Level 6.0 Throwing
 - Level 8.0 Dodging
 - Level 12.0 Stealth
 - Level 5.0 Shields
 - Level 15.4 Spellcasting
 - Level 8.0 Conjurations
 - Level 15.0 Necromancy
 + Level 3.6 Translocations
 + Level 3.6 Ice Magic
 - Level 12.0 Air Magic
 - Level 10.0 Earth Magic
 - Level 10.0 Poison Magic
 - Level 16.0 Invocations
 - Level 12.0 Evocations


You had 9 spell levels left.
You knew the following spells:

 Your Spells              Type           Power      Damage    Failure   Level
a - Shock                 Conj/Air       100%       1d9       1%          1
b - Swiftness             Air            68%        N/A       1%          3
c - Airstrike             Air            34%        2d(5-21)  1%          4
d - Mephitic Cloud        Conj/Pois/Air  62%        N/A       1%          3
e - Necrotise             Necr           100%       1d9       0%          1
f - Vampiric Draining     Necr           76%        2d11      1%          3
g - Dispel Undead         Necr           76%        3d25      1%          4
h - Olgreb's Toxic Radia  Pois           62%        N/A       1%          4
i - Poisonous Vapours     Pois/Air       100%       N/A       1%          2
j - Stone Arrow           Conj/Erth      100%       3d13      1%          3
k - Animate Dead          Necr           76%        N/A       1%          4
l - Death Channel         Necr           38%        N/A       1%          6
m - Blink                 Tloc           74%        N/A       1%          2
n - Hailstorm             Conj/Ice       48%        3d11      1%          3

Your spell library contained the following spells:

 Spells                   Type           Power      Damage    Failure   Level
 Apportation              Tloc           74%        N/A       1%          1
 Foxfire                  Conj/Fire      100%       2x1d9     1%          1
 Freeze                   Ice            100%       1d10      1%          1
 Magic Dart               Conj           100%       1d8       1%          1
 Sandblast                Erth           100%       2d20      1%          1
 Sting                    Tmut/Pois      100%       1d8       1%          1
 Cigotuvi's Dreadful Rot  Necr/Pois/Air  100%       N/A       1%          2
 Passwall                 Tmut/Erth      36%        N/A       1%          2
 Spider Form              Tmut/Pois      44%        N/A       1%          3
 Anguish                  Hex/Necr       27%        N/A       1%          4
 Agony                    Necr           76%        N/A       1%          5
 Frozen Ramparts          Ice            74%        1d12      2%          3
 Ignite Poison            Fire/Tmut/Pois 35%        N/A       2%          3
 Ozocubu's Armour         Ice            37%        N/A       2%          3
 Beastly Appendage        Tmut           38%        N/A       3%          1
 Iskenderun's Battlesphe  Conj           56%        2d11      3%          5
 Portal Projectile        Hex/Tloc       56%        N/A       4%          3
 Animate Armour           Summ/Erth      88%        N/A       4%          4
 Leda's Liquefaction      Hex/Erth       22%        N/A       4%          4
 Call Imp                 Summ           19%        N/A       5%          2
 Scorch                   Fire           38%        2d7       5%          2
 Wereblood                Tmut           19%        N/A       5%          2
 Sticky Flame             Conj/Fire      39%        2d6       7%          4
 Manifold Assault         Tloc           37%        N/A       9%          4
 Call Canine Familiar     Summ           19%        N/A       11%         3
 Inner Flame              Hex/Fire       19%        N/A       11%         3
 Summon Guardian Golem    Hex/Summ       19%        N/A       11%         3
 Simulacrum               Ice/Necr       30%        N/A       12%         6
 Alistair's Intoxication  Tmut/Pois      29%        N/A       13%         5
 Iron Shot                Conj/Erth      29%        9d6       14%         6
 Ice Form                 Ice/Tmut       28%        N/A       17%         4
 Summon Ice Beast         Ice/Summ       28%        N/A       17%         4
 Fireball                 Conj/Fire      19%        3d9       19%         5
 Cause Fear               Hex            9%         N/A       34%         4
 Metabolic Englaciation   Hex/Ice        14%        N/A       43%         5
 Borgnjor's Revivificati  Necr           38%        N/A       45%         8
 Infestation              Necr           38%        N/A       45%         8
 Summon Mana Viper        Hex/Summ       19%        N/A       69%         5
 Starburst                Conj/Fire      19%        6d7       71%         6
 Orb of Destruction       Conj           28%        9d9       75%         7
 Dispersal                Tloc           18%        N/A       77%         6
 Haunt                    Necr/Summ      27%        N/A       80%         7
 Storm Form               Tmut/Air       24%        N/A       95%         7
 Spellforged Servitor     Conj/Summ      19%        N/A       99%         7
 Lehudib's Crystal Spear  Conj/Erth      29%        10d8      99%         8
 Enfeeble                 Hex            9%         N/A       100%        7
 Monstrous Menagerie      Summ           9%         N/A       100%        7
 Discord                  Hex            9%         N/A       100%        8
 Disjunction              Tloc           18%        N/A       100%        8
 Ignition                 Fire           9%         3d5       100%        8
 Chain Lightning          Conj/Air       31%        3d41      100%        9
 Fire Storm               Conj/Fire      19%        8d5       100%        9
 Shatter                  Erth           31%        3d25*     100%        9


Dungeon Overview and Level Annotations

Branches:
Dungeon (15/15)            Temple (1/1) D:4            Lair (5/5) D:10
  Swamp (4/4) Lair:2       Spider (4/4) Lair:3        Slime (0/5) Lair:5
    Orc (2/2) D:11            Elf (3/3) Orc:2        Vaults (5/5) D:14
  Crypt (0/3) Vaults:3     Depths (2/4) D:15          Sewer (visited)
Gauntlet (visited)

Altars:
Ashenzari
Cheibriados
Dithmenos
Elyvilon
Fedhas
Gozag
Hepliaklqana
Kikubaaqudgha
Makhleb
Nemelex Xobeh
Okawaru
Qazlal
Ru
Sif Muna
Trog
Uskayaw
Vehumet
Wu Jian
Xom
Yredelemnul
Zin
The Shining One
Jiyva
Lugonu

Shops:
D:1 :   D:4 *   Orc:1 (   Orc:2 ![[=   Vaults:2 *

Portals:
Hell: Depths:1 Depths:2
Abyss: Lair:5
Pandemonium: Depths:2
Trove: Vaults:2 (give +5 ice dragon scales)

Annotations:
D:3 Ijyb
Lair:3 Gastronok
Elf:2 3 runed translucent doors


Innate Abilities, Weirdness & Mutations

You have razor-sharp teeth.
Your natural rate of healing is unusually fast.
When hurt, damage is shared between your health and your magic reserves.
Your bite disrupts and absorbs the magic of your enemies.
Potions cannot restore your health.
You are weak. (Str -2)


Message History

Aim: a shadow dragon (severely wounded, not watching you, ally target, empty space bonus: 6/8)
The air twists around and strikes the shadow dragon!
The shadow dragon is severely wounded.
Your vault guard zombie hits the shadow dragon but does no damage.
Casting: Airstrike (safe; 1% risk of failure)
Confirm with . or Enter, or press ? or * to list all spells.
Aiming: Airstrike (safe; 1% risk of failure)
Press: ? - help, Dir - move target, f/p - shadow dragon
Aim: a shadow dragon (severely wounded, ally target, empty space bonus: 4/8)
The air twists around and strikes the shadow dragon.
The shadow dragon is severely wounded.
Your vault guard zombie barely misses the shadow dragon.
Casting: Airstrike (safe; 1% risk of failure)
Confirm with . or Enter, or press ? or * to list all spells.
Aiming: Airstrike (safe; 1% risk of failure)
Press: ? - help, Dir - move target, f/p - shadow dragon
Aim: a shadow dragon (severely wounded, ally target, empty space bonus: 4/8)
The air twists around and strikes the shadow dragon.
The shadow dragon is almost dead.
Casting: Airstrike (safe; 1% risk of failure)
Confirm with . or Enter, or press ? or * to list all spells.
You don't have enough magic to cast this spell.
Unknown command.
As you read the scroll of fear, it crumbles to dust.
You assume a fearsome visage.
The shadow dragon resists with almost no effort.
The shadow dragon breathes negative energy at you.
The bolt of negative energy hits you!!!
You feel drained.
Ouch! That really hurt!
* * * LOW HITPOINT WARNING * * *
Aiming: Corrosive Bolt
Press: ? - help, Shift-Dir - straight line, f/p - shadow dragon
Aim: a shadow dragon (severely wounded, ally target, 76% to hit)
The bolt of acid hits the shadow dragon!
The acid corrodes the shadow dragon!
The shadow dragon is almost dead.
Your vault guard zombie hits the shadow dragon but does no damage.
The shadow dragon breathes negative energy at you.
The bolt of negative energy hits you!!!
You feel drained.
You die...

......#.#......).#..:............
......#Z#........'............###
......#Z#.....)..#>...........#.<
......#Z#......).#............#..
......Z.#........#............#..
......#.#........#............#..
#####)###''####+######........#..
..#....'........#....#........#..
..#....#...ZD...@....#........###
..#....##########....#.......Z.Z.
Z.#....#........#....#...........
..#....#........#....#.........).
..Z....'........[....#.........).
..#Z...'........'....#...........
..#....#....[...#[...#...........
..#..Z.#........#....#..#########
..#...Z##########....#..###....#


You could see a shadow dragon (catching breath, corroded, ally target) and a
friendly vault guard zombie.

Vanquished Creatures
  Bai Suzhen (Elf:3)
  Arachne (Spider:4)
  Jorgrun (D:14)
  3 deep elf blademasters (Elf:3)
  A lich (Depths:2)
  2 deep elf master archers (Elf:3)
  An Executioner (Abyss:3)
  A sphinx (Vaults:4)
  Kirke (Elf:1)
  Agnes (Elf:1)
  The ghost of billz999 the Skirmisher, an adept GnHu of Qazlal (Swamp:1)
  A revenant (Vaults:3)
  A fenstrider witch (Swamp:3)
  A frost giant (Depths:2)
  5 emperor scorpions
  2 fire giants (Depths:2)
  4 ghost moths
  10 deep elf sorcerers
  Louise (Spider:4)
  17 vault wardens
  A balrug (Depths:1)
  Aizul (Vaults:2)
  3 orc warlords
  A cacodemon (Abyss:3)
  4 deep elf elementalists (Elf:3)
  2 war gargoyles
  14 very ugly things
  15 ironbound preservers
  10 ironbound thunderhulks
  2 broodmothers (Spider:1)
  2 eleionomae
  10 deep elf annihilators
  10 deep elf demonologists (Elf:3)
  Azrael (Orc:2)
  12 dire elephants
  7 bunyips
  A minotaur (Gauntlet)
  8 spark wasps
  Snorg (Lair:4)
  4 deep elf death magi (Elf:3)
  Josephine (Lair:5)
  2 ettins (Depths:2)
  A crystal guardian (Vaults:4)
  6 great orbs of eyes
  3 fire dragons (Swamp:4)
  7 deep elf high priests
  8 entropy weavers
  2 spectral fenstrider witches (Swamp:1)
  36 vault guards
  5 rakshasas
  9 yaktaur captains
  11 hydras
  2 ice dragons (Depths:1)
  Fannar (D:11)
  2 jorogumos
  3 spriggan air magi (Depths:2)
  2 ghost crabs
  5 ironbound frosthearts
  9 boulder beetles
  9 alligators
  A peacekeeper (Vaults:4)
  4 radroaches
  17 dancing weapons
  4 deep troll shamans
  2 death yaks (Lair:3)
  2 two-headed ogres
  8 centaur warriors
  A death scarab (Spider:1)
  2 deep troll earth magi (Depths:2)
  A vampire mage (Depths:2)
  3 tengu warriors
  An orc high priest (Orc:2)
  2 spriggan berserkers
  2 hell knights (Depths:2)
  A soul eater (Depths:2)
  6 spriggans
  3 thrashing horrors (Lair:5)
  7 deep elf knights
  A sun demon (Abyss:3)
  A wretched star (Abyss:3)
  An iron troll (Depths:2)
  A fire crab (Swamp:4)
  A sun moth (Spider:1)
  The ghost of arthad the Martial Artist, a novice GnTm of Ashenzari (D:8)
  3 pharaoh ants
  6 steelbarb worms
  4 spriggan druids
  3 goliath frogs
  4 spectral spriggans (Swamp:1)
  11 deep elf archers
  3 starcursed masses (Abyss:3)
  5 glowing orange brains
  8 lindwurms
  10 swamp dragons
  Pikel (D:4)
  5 harpies (Vaults:1)
  2 wizards
  4 bog bodies
  15 orc knights
  40 deep trolls
  3 orb spiders
  20 ironbound convokers
  30 deep elf pyromancers
  16 deep elf zephyrmancers
  A harpy (shapeshifter) (D:13)
  27 wolf spiders
  23 ugly things
  8 cyclopes
  5 manticores
  8 will-o-the-wisps
  8 orc sorcerers
  5 moths of wrath
  A stone giant skeleton (Vaults:2)
  21 elephants
  2 black mambas (Lair:1)
  2 orange demons (Abyss:3)
  A water nymph (shapeshifter) (Elf:3)
  4 eyes of devastation
  An ice statue (D:12)
  2 smoke demons
  A molten gargoyle (Orc:2)
  7 torpor snails
  21 vault sentinels
  2 freezing wraiths (Vaults:3)
  16 cane toads
  A gargoyle (D:11)
  4 demonic crawlers
  A hellwing (Depths:2)
  The ghost of billz999 the Magician, a novice DjIE of Makhleb (D:6)
  An efreet (Abyss:3)
  3 kobold demonologists (D:13)
  23 yaktaurs
  10 komodo dragons
  8 rime drakes
  3 spectral death drakes (Swamp:1)
  5 ancient zymes
  A tengu conjurer (Depths:2)
  A red devil (Depths:2)
  A queen bee (Lair:4)
  3 polar bears
  3 bloated husks
  7 meliai
  9 trolls
  29 tarantellas
  13 hornets
  8 tyrant leeches
  30 blink frogs
  42 slime creatures
  A tarantella (shapeshifter) (Lair:5)
  4 raiju (Abyss:3)
  23 culicivoras
  23 jumping spiders
  4 centaur simulacra
  2 ynoxinuls (Lair:5)
  2 air elementals (Elf:2)
  2 vampires
  3 shadows
  74 yaks
  6 wyverns
  9 fire elementals
  3 water elementals
  3 large abominations
  6 wraiths
  Eustachio (D:7)
  A yak (shapeshifter) (Lair:5)
  2 golden eyes (Depths:2)
  9 basilisks
  2 chaos spawn
  A spriggan simulacrum (Swamp:1)
  4 steam dragons
  3 neqoxecs
  A human simulacrum (Vaults:2)
  39 redbacks
  20 vampire mosquitoes
  2 wargs
  15 swamp worms
  16 water moccasins
  A death drake simulacrum (Swamp:1)
  Duvessa (D:6)
  3 acid dragons
  2 floating eyes (Depths:2)
  8 swamp drakes
  A hell hound (Orc:2)
  A black bear (shapeshifter) (D:14)
  2 sky beasts
  4 ice beasts
  2 black bears
  25 orc warriors
  A deep troll simulacrum (Vaults:2)
  An ice dragon simulacrum (Gauntlet)
  14 ogres
  4 wolves (D:10)
  13 centaurs
  3 kobold brigands
  11 small abominations
  9 bullfrogs
  A necrophage (D:6)
  2 yaktaur zombies (Vaults:2)
  3 gnoll sergeants
  2 earth elementals
  3 scorpions
  5 wights
  Dowan (D:6)
  30 killer bees
  3 electric eels (D:10)
  5 howler monkeys
  2 jellies (D:5)
  3 lava snakes
  6 hounds
  Crazy Yiuf (D:4)
  2 gnoll boudas
  16 orc priests
  Terence (D:3)
  5 iguanas
  33 orc wizards
  Natasha (D:3)
  An ogre zombie (D:4)
  14 gnolls
  13 adders
  A gnoll zombie (D:4)
  2 orc zombies (D:4)
  7 river rats (Sewer)
  A shadow imp (D:6)
  10 white imps
  An ufetubus (D:5)
  A worm (D:4)
  68 orcs
  17 ball pythons
  7 endoplasms
  2 giant cockroaches (D:4)
  6 hobgoblins
  7 jackals
  14 kobolds
  5 quokkas
  A bat (D:1)
  9 frilled lizards
  6 goblins
  22 rats
  A butterfly (Swamp:1)
1656 creatures vanquished.

Vanquished Creatures (collateral kills)
  Asterion (Depths:2)
  A tengu reaver (Depths:2)
  A vault warden (Vaults:4)
  3 frost giants (Depths:2)
  A cacodemon (Depths:2)
  An ironbound preserver (Vaults:2)
  A spriggan defender (Depths:2)
  4 ironbound thunderhulks
  4 very ugly things
  A stone giant (Depths:1)
  A spark wasp (Depths:1)
  A fire dragon (Depths:1)
  2 entropy weavers
  2 yaktaur captains
  2 ice dragons (Depths:2)
  2 rakshasas
  A vault guard (Vaults:5)
  A centaur warrior (Vaults:2)
  2 ironbound frosthearts
  A deep troll shaman (Depths:1)
  A deep troll earth mage (Depths:2)
  A tengu warrior (Depths:2)
  4 hell knights (Depths:2)
  A spriggan berserker (Depths:2)
  An iron troll (Depths:2)
  A sun demon (Depths:2)
  A glowing orange brain (Vaults:4)
  10 deep trolls
  A spriggan rider (Depths:2)
  3 lindwurms
  A wizard (Depths:2)
  2 necromancers
  6 ugly things
  3 vault sentinels
  2 smoke demons (Depths:1)
  4 yaktaurs
  A tengu conjurer (Depths:2)
  2 hornets (Depths:2)
  A tarantella (Vaults:4)
  4 slime creatures
  2 spriggans (Depths:2)
  A culicivora (shapeshifter) (Depths:2)
  A wraith (Vaults:3)
  5 water elementals
  A golden eye (Depths:2)
  A human simulacrum (Vaults:2)
  3 redbacks
  A swamp drake (Swamp:4)
  A scorpion (D:7)
  A human skeleton (Vaults:2)
100 creatures vanquished.

Vanquished Creatures (others)
  3 very ugly thing zombies (Depths:2)
  A hydra (Swamp:4)
  A deep elf knight (Elf:3)
  3 ogre zombies (Vaults:3)
  3 spark wasp zombies
  2 swamp dragons (Swamp:4)
  2 lindwurms
  A wizard (Depths:2)
  3 ugly thing zombies (Depths:2)
  A frost giant zombie (Depths:2)
  32 human zombies
  2 yaktaur zombies (Vaults:2)
  A bloated husk (Swamp:3)
  An ettin zombie (Depths:2)
  A spriggan zombie (Depths:2)
  A human (Elf:1)
  5 slime creature zombies (Vaults:3)
  A steam dragon (Swamp:4)
  A neqoxec (Abyss:3)
  10 deep troll zombies
  A tengu zombie (Depths:2)
  A swamp worm (Swamp:4)
  An orc warrior (Orc:2)
  3 lindwurm zombies (Vaults:3)
  4 swamp drakes (Swamp:4)
  Blork the orc (D:7)
  An orc zombie (Vaults:4)
  An orc (D:13)
  23 demonic plants
  24 foxfires
  29 fungi
  37 plants
  2 toadstools (D:4)
203 creatures vanquished.

Grand Total: 1959 creatures vanquished

Notes
Turn   | Place    | Note
-------+----------+-------------------------------------------
     0 | D:1      | Zonian the Vine Stalker Brigand began the quest for the
                  | Orb.
     0 | D:1      | Reached XP level 1. HP: 11/11 MP: 2/2
   106 | D:1      | Reached skill level 1 in Dodging
   106 | D:1      | Reached XP level 2. HP: 12/14 MP: 1/3
   109 | D:1      | Reached skill level 5 in Stealth
   138 | D:1      | Found Gofuotz's Book Boutique.
   473 | D:1      | Reached XP level 3. HP: 18/18 MP: 4/4
  1333 | D:2      | Gained mutation: Your natural rate of healing is unusually
                  | fast. [Vine Stalker growth]
  1333 | D:2      | Reached XP level 4. HP: 20/23 MP: 3/5
  1880 | D:3      | Noticed Ijyb
  2320 | D:3      | Reached XP level 5. HP: 16/26 MP: 2/6
  2389 | D:3      | Noticed Natasha
  2393 | D:3      | Killed Natasha
  2510 | D:3      | Noticed Terence
  2519 | D:3      | Killed Terence
  2812 | D:4      | Found a glowing drain.
  2831 | Sewer    | Entered a sewer
  2873 | Sewer    | Reached XP level 6. HP: 30/30 MP: 7/7
  3783 | Sewer    | Reached skill level 10 in Stealth
  3783 | Sewer    | Reached XP level 7. HP: 24/35 MP: 6/8
  3852 | D:4      | Found a staircase to the Ecumenical Temple.
  3857 | Temple   | Entered the Ecumenical Temple
  4092 | Temple   | Became a worshipper of Uskayaw the Reveller
  4558 | D:4      | Reached * piety under Uskayaw
  4661 | D:4      | Found a transporter.
  4667 | D:4      | Found Nauk Nafon's Overcharged Wands.
  4884 | D:4      | Noticed Pikel
  4890 | D:4      | Reached ** piety under Uskayaw
  4895 | D:4      | Reached *** piety under Uskayaw
  4896 | D:4      | Killed Pikel
  4896 | D:4      | Reached **** piety under Uskayaw
  4897 | D:4      | Reached skill level 5 in Short Blades
  4897 | D:4      | Gained mutation: You have razor-sharp teeth. [Vine Stalker
                  | growth]
  4897 | D:4      | Reached XP level 8. HP: 37/39 MP: 6/9
  4970 | D:4      | You fall into a shaft and drop 2 floors!
  4977 | D:5      | Entered Level 5 of the Dungeon
  5910 | D:6      | Reached XP level 9. HP: 42/42 MP: 10/10
  5972 | D:6      | Found a transporter.
  5997 | D:6      | Reached ***** piety under Uskayaw
  6212 | D:6      | Noticed Dowan
  6218 | D:6      | Noticed Duvessa
  6229 | D:6      | Found a transporter.
  6229 | D:6      | Noticed billz999's ghost (novice DjIE)
  6269 | D:6      | Killed Dowan
  6460 | D:6      | Killed Duvessa
  7013 | D:7      | Noticed Blork the orc
  7014 | D:7      | Noticed Eustachio
  7025 | D:7      | Reached skill level 10 in Short Blades
  7050 | D:7      | Your ally Blork the orc died
  7053 | D:7      | Killed Eustachio
  7539 | D:7      | Reached XP level 10. HP: 36/51 MP: 11/11
  7540 | D:7      | Reached skill level 5 in Fighting
  7886 | D:8      | Found a transporter.
  7932 | D:8      | Noticed arthad's ghost (novice GnTm)
  7948 | D:8      | Found a transporter.
  7985 | D:8      | Found an opulent altar of Gozag.
  8249 | D:8      | Reached ****** piety under Uskayaw
  8337 | D:9      | Found an ancient bone altar of Kikubaaqudgha.
  8782 | D:9      | Reached XP level 11. HP: 62/62 MP: 12/12
  8814 | D:9      | Found the +8 trident of the Octopus King {venom, rElec
                  | rPois}
  8917 | D:9      | Reached skill level 10 in Fighting
  9155 | D:10     | Entered Level 10 of the Dungeon
  9285 | D:10     | Found a staircase to the Lair.
  9314 | D:10     | Reached skill level 5 in Dodging
  9785 | D:10     | Found the +4 skin of Zhor {*Englaciate rC+++ SInv}
  9816 | D:10     | Reached XP level 12. HP: 59/67 MP: 13/13
  9914 | D:10     | Reached skill level 1 in Invocations
  9920 | D:10     | Reached skill level 2 in Invocations
  9924 | D:10     | Reached skill level 3 in Invocations
  9988 | D:10     | Found a glowing silver altar of Zin.
  9988 | D:10     | Found a glowing golden altar of the Shining One.
 10054 | D:10     | Reached skill level 4 in Invocations
 10232 | Lair:1   | Entered Level 1 of the Lair of Beasts
 10241 | Lair:1   | Reached skill level 5 in Invocations
 10444 | Lair:1   | Reached skill level 6 in Invocations
 10929 | Lair:2   | Reached skill level 7 in Invocations
 11136 | Lair:2   | Reached skill level 8 in Invocations
 11271 | Lair:2   | Reached skill level 9 in Invocations
 11529 | Lair:2   | Found a staircase to the Swamp.
 11729 | Lair:2   | Reached skill level 10 in Invocations
 11731 | Lair:2   | Learned a level 1 spell: Shock
 11897 | Lair:3   | Reached XP level 13. HP: 72/72 MP: 21/21
 11959 | Lair:3   | Reached skill level 1 in Spellcasting
 11959 | Lair:3   | Reached skill level 1 in Air Magic
 12037 | Lair:3   | Noticed Gastronok
 12535 | Lair:3   | Found a hole to the Spider Nest.
 13456 | Lair:4   | Noticed Snorg
 13461 | Lair:4   | Killed Snorg
 13555 | Lair:4   | Reached skill level 5 in Spellcasting
 13555 | Lair:4   | Reached skill level 5 in Air Magic
 14102 | Lair:5   | Entered Level 5 of the Lair of Beasts
 14306 | Lair:5   | Reached XP level 14. HP: 79/79 MP: 24/24
 14614 | Lair:5   | Found a viscous altar of Jiyva.
 14616 | Lair:5   | Found a staircase to the Slime Pits.
 14908 | Lair:5   | Noticed Josephine
 14937 | Lair:5   | Killed Josephine
 16043 | Lair:5   | Learned a level 3 spell: Swiftness
 16081 | Lair:5   | Reached skill level 11 in Invocations
 16252 | Lair:5   | Found a corrupted altar of Lugonu.
 16252 | Lair:5   | Found a one-way gate to the infinite horrors of the Abyss.
 16888 | D:11     | Reached skill level 1 in Evocations
 17049 | D:11     | Identified the +3 leather armour of Mitekuh {+Inv Fly rC-}
 17181 | D:11     | Found a staircase to the Orcish Mines.
 17380 | D:11     | Noticed Fannar
 17406 | D:11     | Killed Fannar
 17407 | D:11     | Reached skill level 12 in Invocations
 17418 | D:11     | Reached XP level 15. HP: 84/84 MP: 28/28
 17701 | D:12     | Reached skill level 5 in Evocations
 17761 | D:12     | Found a gate leading to a gauntlet.
 17803 | Gauntlet | Entered a Gauntlet
 17803 | Gauntlet | Found a transporter.
 17803 | Gauntlet | Found a large runed translucent door.
 17803 | Gauntlet | Found a large runed translucent door.
 17803 | Gauntlet | Found a large runed translucent door.
 17803 | Gauntlet | Found a large runed translucent door.
 17803 | Gauntlet | Found a runed translucent door.
 17803 | Gauntlet | Found a runed translucent door.
 17803 | Gauntlet | Found a large runed translucent door.
 17803 | Gauntlet | Found a large runed translucent door.
 17803 | Gauntlet | Found a large runed translucent door.
 17803 | Gauntlet | Found a large runed translucent door.
 17803 | Gauntlet | Found a large runed translucent door.
 17803 | Gauntlet | Found a large runed translucent door.
 17804 | Gauntlet | Found a large runed translucent door.
 17804 | Gauntlet | Found a large runed translucent door.
 17805 | Gauntlet | Found a large runed translucent door.
 17805 | Gauntlet | Found a large runed translucent door.
 17805 | Gauntlet | Found a large runed translucent door.
 17805 | Gauntlet | Found a large runed translucent door.
 17820 | Gauntlet | Found a transporter.
 17857 | Gauntlet | Found a transporter.
 17899 | Gauntlet | Found a runed translucent gate.
 17899 | Gauntlet | Found a runed translucent gate.
 17899 | Gauntlet | Found a runed translucent gate.
 17901 | Gauntlet | Found a transporter.
 17903 | Gauntlet | Found a transporter.
 17905 | Gauntlet | Found a transporter.
 17935 | Gauntlet | Found a transporter.
 17937 | Gauntlet | Found a transporter.
 18002 | Gauntlet | Found a transporter.
 18021 | Gauntlet | Paralysed by a hornet for 3 turns
 18057 | Gauntlet | Found a transporter.
 18075 | Gauntlet | Found a transporter.
 18109 | Gauntlet | Found a transporter.
 18170 | Gauntlet | Got the Commentary on Black Rituals and the Winter
 18545 | D:13     | Learned a level 4 spell: Airstrike
 19244 | D:14     | Noticed Jorgrun
 19261 | D:14     | Killed Jorgrun
 19316 | D:14     | Reached skill level 1 in Conjurations
 19321 | D:14     | Learned a level 3 spell: Mephitic Cloud
 19558 | D:14     | Reached skill level 1 in Poison Magic
 20351 | D:14     | Found a gate to the Vaults.
 20434 | D:15     | Entered Level 15 of the Dungeon
 20834 | D:15     | Reached skill level 5 in Conjurations
 20921 | D:15     | Found a staircase to the Depths.
 21107 | D:15     | Reached skill level 5 in Poison Magic
 21672 | Orc:1    | Entered Level 1 of the Orcish Mines
 21930 | Orc:1    | Reached XP level 16. HP: 77/88 MP: 29/29
 22208 | Orc:2    | Entered Level 2 of the Orcish Mines
 22210 | Orc:2    | Found a staircase to the Elven Halls.
 22506 | Orc:2    | Found Jaumaite's Jewellery Emporium.
 22506 | Orc:2    | Found Beesm's Distillery.
 22506 | Orc:2    | Found Kalid's Antique Armour Emporium.
 22787 | Orc:2    | Noticed Azrael
 22800 | Orc:2    | Killed Azrael
 23211 | Orc:2    | Found Sanwuv's Armour Shoppe.
 23219 | Orc:2    | Bought a pair of runed boots for 225 gold pieces
 23219 | Orc:2    | Bought a buckler for 135 gold pieces
 23220 | Orc:2    | Bought a potion of curing for 42 gold pieces
 23220 | Orc:2    | Bought a potion of curing for 42 gold pieces
 23220 | Orc:2    | Bought a potion of curing for 42 gold pieces
 23685 | Orc:1    | Reached skill level 1 in Shields
 23688 | Orc:1    | Found Vauvue's Weapon Emporium.
 24010 | Spider:1 | Entered Level 1 of the Spider Nest
 25943 | Spider:2 | Reached skill level 5 in Shields
 26005 | Spider:2 | Reached skill level 10 in Air Magic
 26106 | Spider:2 | Learned a level 1 spell: Necrotise
 26161 | Spider:2 | Reached skill level 1 in Necromancy
 26722 | Spider:2 | Reached XP level 17. HP: 93/93 MP: 30/30
 27167 | Spider:3 | Reached skill level 13 in Invocations
 27498 | Spider:3 | Reached skill level 5 in Necromancy
 28071 | Spider:4 | Entered Level 4 of the Spider Nest
 28071 | Spider:4 | Noticed Louise
 28081 | Spider:4 | Killed Louise
 28670 | Spider:4 | Noticed Arachne
 28671 | Spider:4 | Reached skill level 14 in Invocations
 28672 | Spider:4 | Killed Arachne
 29350 | Spider:4 | Identified the +1 hat "Mepsuph" {rC+ Dex+2}
 29382 | Spider:4 | Got a gossamer rune of Zot
 29801 | Spider:1 | Upgraded the game from 0.30-a0-557-ge2afbf3030 to
                  | 0.30-a0-568-g124715a40b
 29923 | Swamp:1  | Entered Level 1 of the Swamp
 31107 | Swamp:1  | Learned a level 3 spell: Vampiric Draining
 31454 | Swamp:1  | Found a runed translucent gate.
 31455 | Swamp:1  | Found a runed translucent gate.
 31456 | Swamp:1  | Found a runed translucent gate.
 31457 | Swamp:1  | Noticed billz999's ghost (adept GnHu)
 31844 | Swamp:1  | Reached XP level 18. HP: 98/98 MP: 24/31
 32496 | Swamp:2  | Learned a level 4 spell: Dispel Undead
 33257 | Swamp:3  | Reached skill level 5 in Throwing
 34419 | Swamp:3  | Reached skill level 15 in Invocations
 34549 | Swamp:4  | Entered Level 4 of the Swamp
 37944 | Swamp:4  | Got a decaying rune of Zot
 38199 | D:8      | Killed arthad's ghost
 38400 | D:1      | Bought a book of Armaments for 468 gold pieces
 38400 | D:1      | Bought a book of Changes for 234 gold pieces
 38400 | D:1      | Bought a Young Poisoner's Handbook for 260 gold pieces
 38405 | D:1      | Learned a level 4 spell: Olgreb's Toxic Radiance
 38652 | Elf:1    | Entered Level 1 of the Elven Halls
 38684 | Elf:1    | Identified the +5 short sword "Owkoz" {speed, Stlth+}
 39002 | Elf:1    | Noticed Kirke
 39007 | Elf:1    | Noticed Agnes
 39024 | Elf:1    | Killed Agnes
 39025 | Elf:1    | Killed Kirke
 40002 | Elf:1    | Learned a level 2 spell: Poisonous Vapours
 40006 | Elf:1    | Learned a level 3 spell: Stone Arrow
 40246 | Elf:2    | Reached skill level 1 in Earth Magic
 40525 | Elf:2    | Paralysed by an air elemental for 1 turns
 40889 | Elf:2    | Reached XP level 19. HP: 105/105 MP: 32/32
 41621 | Elf:2    | Paralysed by an air elemental for 1 turns
 41697 | Elf:2    | Found a runed translucent gate.
 41697 | Elf:2    | Found a runed translucent gate.
 41697 | Elf:2    | Found a runed translucent gate.
 41824 | Elf:3    | Entered Level 3 of the Elven Halls
 42519 | Elf:3    | Noticed Bai Suzhen
 42556 | Elf:3    | Killed Bai Suzhen
 42570 | Elf:3    | Reached skill level 5 in Earth Magic
 42814 | Elf:3    | Identified the amulet "Ecef" {Reflect SH+5 Stlth+}
 44128 | Elf:3    | Identified a scroll of acquirement
 44489 | Elf:3    | Reached skill level 10 in Poison Magic
 44655 | Elf:3    | Noticed a Brimstone Fiend
 45177 | Elf:3    | Noticed a Tzitzimitl
 45448 | Elf:3    | Noticed a Brimstone Fiend
 47418 | Elf:3    | Reached skill level 10 in Spellcasting
 48274 | Abyss:3  | Cast into level 3 of the Abyss (a deep elf sorcerer)
 48842 | Abyss:3  | Found a corrupted altar of Lugonu.
 48865 | Abyss:3  | Gained mutation: You are weak. (Str -2) [a neqoxec]
 48903 | Abyss:3  | Found a corrupted altar of Lugonu.
 48981 | Elf:3    | Escaped the Abyss
 49418 | Elf:3    | Reached XP level 20. HP: 110/110 MP: 36/36
 49991 | Elf:3    | Got Sif Muna's Spellbook of the Freezing Geologist
 49993 | Elf:3    | Got Bixkuem's Folio of Incendiary Venin
 50250 | Elf:3    | Learned a level 4 spell: Animate Dead
 50309 | Elf:3    | Acquired the ring "Udowequth" {rPois Str-2 Int+6 Dex+4}
 50572 | D:6      | Killed billz999's ghost
 51553 | Swamp:1  | Identified the ring "Qeyluf" {Contam rElec rF+ rC+ Int+2}
 51616 | Swamp:1  | Killed billz999's ghost
 51848 | Vaults:1 | Entered Level 1 of the Vaults
 52897 | Vaults:1 | Reached skill level 10 in Necromancy
 53213 | Vaults:1 | Reached skill level 10 in Earth Magic
 53518 | Vaults:2 | Reached XP level 21. HP: 55/114 MP: 38/38
 53728 | Vaults:2 | Noticed Aizul
 53749 | Vaults:2 | Killed Aizul
 54186 | Vaults:2 | Found a portal to a secret trove of treasure.
 54556 | Vaults:2 | Reached skill level 16 in Invocations
 54876 | Vaults:2 | Found Tinenwewka's General Store.
 54880 | Vaults:2 | Bought a wand of roots (4) for 144 gold pieces
 55262 | Vaults:3 | Reached skill level 10 in Evocations
 55771 | Vaults:3 | Found a staircase to the Crypt.
 56732 | Vaults:3 | Reached XP level 22. HP: 119/119 MP: 39/39
 56740 | Vaults:3 | Identified the +10 longbow "Kinwolapp" {flame, Fly Dex+4}
 56766 | Vaults:3 | Learned a level 6 spell: Death Channel
 57550 | Vaults:4 | Identified the +6 glaive of Death {flame, rElec SInv}
 58792 | D:4      | Bought a wand of acid (18) for 1134 gold pieces
 58871 | D:4      | Found a transporter.
 58984 | D:4      | Found a runed translucent door.
 58985 | D:4      | Noticed Crazy Yiuf
 59055 | D:4      | Killed Crazy Yiuf
 59280 | Depths:1 | Entered Level 1 of the Depths
 59331 | Depths:1 | Reached skill level 15 in Necromancy
 59848 | Depths:1 | Found a gateway to Hell.
 59853 | Depths:1 | Identified the +9 hand axe of the Skies Above {freeze,
                  | rPois Str+7 Dex-3 SInv}
 60547 | Depths:2 | Reached XP level 23. HP: 71/125 MP: 30/41
 60589 | Depths:2 | Noticed Asterion
 60602 | Depths:2 | Killed Asterion
 60777 | Depths:2 | Reached skill level 15 in Spellcasting
 61042 | Depths:2 | Found a radiant altar of Vehumet.
 61042 | Depths:2 | Found the +3 crown of Dyrovepreva {rElec Int+2 SInv}
 61055 | Depths:2 | Identified the +2 hat of Histrionic Lucidity {Drain rC+
                  | Int+4}
 61223 | Depths:2 | Found a one-way gate leading to the halls of Pandemonium.
 61584 | Depths:2 | Learned a level 2 spell: Blink
 61875 | D:1      | Bought a book of the Tundra for 416 gold pieces
 61879 | D:1      | Learned a level 3 spell: Hailstorm
 62251 | Vaults:5 | Entered Level 5 of the Vaults
 62256 | Vaults:5 | Reached skill level 1 in Translocations
 62256 | Vaults:5 | Reached skill level 1 in Ice Magic
 62291 | Vaults:5 | Noticed an ancient lich
 62313 | Vaults:4 | HP: 2/117 [shadow dragon/bolt of negative energy (23)]
 62381 | Vaults:4 | Killed from afar by a shadow dragon

Illustrated notes

Levels and vault maps discovered:
D:1:      minmay_arrival_widening_spiral_wide, layout_basic, serial_shops,
          nicolae_shop_hallway_stairs
D:2:      layout_basic, minivault_24, minmay_tetromino_i4
D:3:      kennysheep_six_static_rooms, layout_loops_cross,
          minmay_parallelograms, uniq_natasha, uniq_ijyb, uniq_terence
D:4:      gammafunk_cloud_chamber, layout_cave_pools,
          minmay_temple_entry_steel_oval, gup_sewer_entry_bubbles,
          nrook_campfire, minmay_gold_behind_fungi,
          nicolae_shop_overcharged_wands, uniq_crazy_yiuf_cottage, uniq_pikel
D:5:      layout_loops_cross, chequers_serial_rivers_small_3
D:6:      layout_rooms, gammafunk_ghost_arena, uniq_duvessa
D:7:      layout_loops_corners, sword_in_stone
D:8:      layout_rooms, nicolae_gozag_cash_rules_everything_around_me,
          nzn_ghost_randoct
D:9:      layout_loops_ring, kennysheep_little_box
D:10:     layout_rooms, nicolae_overflow_squiral, minmay_lair_entry_grove,
          serial_ice, serial_ice_o, serial_ice_f, serial_ice_a, serial_ice_d,
          serial_ice_i, serial_ice_e, serial_ice_m, hellmonk_guarded_unrand_zhor
D:11:     layout_roguey, kennysheep_orc_monster_closet_entryway, uniq_fannar
D:12:     layout_rooms, gauntlet_entry_generic, minivault_16
D:13:     layout_long_grid
D:14:     layout_roguey, david_vaults_1, kennysheep_minor_cross, uniq_jorgrun
D:15:     hangedman_depths_entry_try_elsewhere_first, layout_basic
Temple:   mainiacjoe_temple_bowtie_tessellation
Lair:1:   layout_roguey
Lair:2:   wander_river, layout_cave_pods, skrybe_swamp_entry_bodies,
          lemuel_fruit_tree
Lair:3:   layout_regular_city, spider_nest_entry_a, minmay_lindwurm_lava,
          lemuel_fruit_fields, serial_bayou_shore_b, uniq_gastronok
Lair:4:   layout_roguey, special_room [special_room_bee],
          infiniplex_staircase_pool_2, uniq_snorg
Lair:5:   hellmonk_lair_end_abyssal_woods, layout_cave_pods, slime_entry_1,
          uniq_josephine
Swamp:1:  layout_falls_marsh, gammafunk_ghost_necromancy,
          evilmike_swamp_ruin_house_4, swamp_pool3,
          nicolae_swamp_frolicking_bunyips
Swamp:2:  layout_basic_swamp, serial_swamp_ruin, hangedman_swamp_ruin_hall,
          evilmike_swamp_ruin_house_6, evilmike_swamp_ruin_rubble_1,
          infiniplex_staircase_pool
Swamp:3:  layout_falls_marsh, evilmike_swamp_ruin_house_2
Swamp:4:  swamp_fiery, layout_basic_swamp, swamp_pool2
Spider:1: nicolae_spider_hilbert_zone_4 [nicolae_spider_hilbert_4_sides_2_open,
          nicolae_spider_hilbert_4_sides_1_open,
          nicolae_spider_hilbert_4_sides_1_open,
          nicolae_spider_hilbert_4_sides_1_open,
          nicolae_spider_hilbert_4_sides_1_open,
          nicolae_spider_hilbert_2_sides_1_open,
          nicolae_spider_hilbert_2_sides_1_open,
          nicolae_spider_hilbert_2_sides_1_open,
          nicolae_spider_hilbert_2_sides_1_open,
          nicolae_spider_hilbert_6_sides_1_open,
          nicolae_spider_hilbert_6_sides_1_open,
          nicolae_spider_hilbert_3_sides_1_open,
          nicolae_spider_hilbert_3_sides_1_open], dreamdust_wasp_nest
Spider:2: layout_spider_delve
Spider:3: layout_spider_delve, nicolae_spider_wall_of_niches
Spider:4: grunt_spider_rune_parallel, uniq_arachne, uniq_louise
Orc:1:    cheibrodos_orc_arena, layout_diamond_mine, serial_shops,
          shop_fountains
Orc:2:    st_orc_mages, layout_diamond_mine, basic_altar, nicolae_orc_lava_tube,
          uniq_azrael
Elf:1:    nicolae_elf_arrival_fired_up, layout_gridlike,
          kennysheep_underground_church, nrook_uturn, uniq_kirke, uniq_agnes
Elf:2:    elven_hall_of_blades_hangedman_original [nicolae_blade_little_rooms],
          layout_geoelf_diagonals
Elf:3:    nooodl_elf_gasket, layout_geoelf_grid, uniq_bai_suzhen
Vaults:1: ontoclasm_vaults_pinch, v_rooms_2, v_misc_14, v_misc_32,
          nicolae_vaults_border_crossing, v_misc_26, v_misc_19, v_misc_3,
          v_misc_5, ontoclasm_vaults_loading_screen,
          nicolae_vaults_an_arrangement, nicolae_vaults_little_squares_1,
          hangedman_vaults_stretched_pinwheel, vaults_room_grid,
          layout_vaults_maze
Vaults:2: ontoclasm_vaults_eye, v_pattern_3, nicolae_vaults_rhombus_7,
          nicolae_vaults_meeting, nicolae_vaults_arrows, vaults_room_fours,
          hangedman_vaults_slither, v_misc_26, vaults_dpeg_encased_lava,
          vaults_dpeg_diagonal, nicolae_vaults_ring_of_whatevers,
          layout_vaults_big_cross, nicolae_trove_entry_crossroad, serial_shops,
          shop, uniq_aizul
Vaults:3: minmay_crypt_entry_simple_corners, nicolae_vaults_shelves_hall,
          nicolae_vaults_branching_niches, ontoclasm_vaults_gateway, v_misc_5,
          nicolae_vaults_network_quincunx
          [nicolae_vaults_network_quincunx_subvault,
          nicolae_vaults_network_quincunx_subvault,
          nicolae_vaults_network_quincunx_subvault,
          nicolae_vaults_network_quincunx_subvault,
          nicolae_vaults_network_quincunx_subvault], nicolae_vaults_network_s,
          v_rooms_1, vaults_room_stairs_pillars, nicolae_vaults_shelves_hall,
          nicolae_vaults_diagonal_hallway_8, nicolae_vaults_specimen_jars,
          ontoclasm_vaults_fault, nicolae_vaults_circle_grid_b,
          nicolae_vaults_gold_heap, ontoclasm_vaults_twist,
          layout_vaults_omnibox
Vaults:4: v_rooms_6, vaults_dpeg_cross, vaults_standard_mumra_lines,
          ontoclasm_vaults_decontamination, nicolae_vaults_shelves_hall,
          v_misc_4, nicolae_vaults_network_star, v_pattern_2,
          dpeg_vaults_monster_box, hangedman_vaults_corner_blocks,
          nicolae_vaults_asterisk, layout_vaults_quadrants
Vaults:5
Depths:1: layout_cave_pools, lightli_too_deep, lemuel_flame_loot_1
Depths:2: hangedman_surveillance_ring, layout_cave_pools,
          rand_demon_pan_entry_7, hell_entry, serial_bayou_pond_b,
          grunt_tower_of_power, infiniplex_staircase_pool_lava,
          serial_bayou_shore_b, uniq_asterion, uniq_josephina

Skill      XL: |  1  2  3  4  5  6  7  8  9 10 11 12 13 14 15 16 17 18 19 20 21 22 23 |
---------------+----------------------------------------------------------------------+-----
Dodging        | 1 7 8 |  8.0
Short Blades   | 2 5 8 10 | 10.0
Stealth        | 5 6 7 8 10 12 | 12.0
Throwing       | 2 4 6 |  6.0
Fighting       | 2 4 9 10 11 12 13 14 | 14.4
Invocations    | 10 12 14 15 16 | 16.0
Spellcasting   | 6 8 11 12 13 15 | 15.4
Air Magic      | 6 8 10 12 | 12.0
Evocations     | 3 8 11 12 | 12.0
Conjurations   | 5 8 |  8.0
Poison Magic   | 5 6 7 10 | 10.0
Shields        | 5 |  5.0
Necromancy     | 3 7 8 11 12 15 | 15.0
Earth Magic    | 2 5 10 | 10.0
Translocations | 3 |  3.6
Ice Magic      | 3 |  3.6

Action                   |  1- 3 |  4- 6 |  7- 9 | 10-12 | 13-15 | 16-18 | 19-21 | 22-24 || total
-------------------------+-------+-------+-------+-------+-------+-------+-------+-------++-------
Melee: Dagger            |    21 |       |       |       |       |       |       |       ||    21
       Bite              |    16 |    28 |    55 |   255 |   657 |   860 |   762 |   310 ||  2943
       Short sword       |    68 |   175 |   188 |   636 |  1507 |  2010 |  1543 |   578 ||  6705
       Punch             |       |     1 |     2 |     7 |    31 |     5 |       |       ||    46
Throw: Dart              |       |     6 |     3 |     1 |     6 |       |       |       ||    16
       Throwing net      |       |       |     2 |       |       |       |     2 |       ||     4
       Javelin           |       |       |       |       |     2 |     1 |     7 |       ||    10
       Boomerang         |       |       |       |       |     2 |       |       |       ||     2
 Cast: Shock             |       |       |       |       |     8 |     1 |     2 |       ||    11
       Airstrike         |       |       |       |       |     5 |   100 |   175 |    28 ||   308
       Mephitic Cloud    |       |       |       |       |       |    11 |       |       ||    11
       Necrotise         |       |       |       |       |       |     9 |       |       ||     9
       Swiftness         |       |       |       |       |       |     1 |     6 |       ||     7
       Poisonous Vapours |       |       |       |       |       |       |    17 |       ||    17
       Olgreb's Toxic Ra |       |       |       |       |       |       |     7 |       ||     7
       Vampiric Draining |       |       |       |       |       |       |     1 |       ||     1
       Stone Arrow       |       |       |       |       |       |       |    11 |     2 ||    13
       Animate Dead      |       |       |       |       |       |       |     5 |     4 ||     9
       Death Channel     |       |       |       |       |       |       |       |    13 ||    13
Invok: Grand Finale      |       |       |       |       |     3 |     1 |       |       ||     4
       Line Pass         |       |       |       |       |     1 |     1 |       |       ||     2
       Stomp             |       |       |       |       |       |       |       |     1 ||     1
Evoke: Wand              |       |       |     1 |       |     5 |    11 |    17 |     6 ||    40
       Lightning rod     |       |       |       |       |       |     3 |     4 |       ||     7
       Phial of floods   |       |       |       |       |       |       |     2 |       ||     2
       Tin of tremorston |       |       |       |       |       |       |     2 |     2 ||     4
  Use: Scroll            |     2 |     5 |    15 |     9 |    12 |    14 |    22 |     3 ||    82
       Potion            |       |     1 |       |       |     2 |     7 |     3 |     1 ||    14
 Stab: Sleeping          |     8 |     8 |     9 |    13 |    23 |    40 |    50 |    15 ||   166
       Distracted        |       |     1 |     1 |       |     2 |     5 |    16 |    10 ||    35
       Paralysed         |       |       |    10 |    27 |    89 |   125 |   120 |    55 ||   426
       Held in net/web   |       |       |     1 |       |       |       |     1 |       ||     2
       Confused          |       |       |       |       |       |     6 |       |       ||     6
Armor: Robe              |    19 |    36 |    17 |       |       |       |       |       ||    72
       Leather armour    |       |       |       |    55 |       |       |       |       ||    55
       Animal skin       |       |       |       |    26 |   283 |   388 |   177 |    69 ||   943
Dodge: Dodged            |    53 |   120 |   114 |   268 |  1031 |   904 |   437 |   196 ||  3123
Block: Buckler           |       |       |       |       |       |   518 |   493 |   247 ||  1258
       Reflection        |       |       |       |       |       |    12 |    38 |    12 ||    62

Table legend: (Time is in decaauts)
 A = Elapsed time spent in this place.
 B = Non-inter-level travel time spent in this place.
 C = Inter-level travel time spent in this place.
 D = Time resting spent in this place.
 E = Time spent auto-exploring this place.
 F = Levels seen in this place.
 G = Mean time per level.
                   A        B        C        D        E       F      G
               +--------+--------+--------+--------+--------+-----+--------+
         Total |  61041 |  56296 |   4745 |  19960 |  20641 |  44 | 1387.3 |
       Dungeon |  15351 |  12966 |   2385 |   2293 |   6608 |  15 | 1023.4 |
        Temple |    260 |    215 |     45 |      0 |    204 |   1 |  260.0 |
          Lair |   8071 |   7269 |    802 |   2607 |   3010 |   5 | 1614.2 |
         Swamp |   7515 |   7081 |    434 |   3924 |   1749 |   4 | 1878.8 |
   Spider Nest |   5395 |   5259 |    136 |   2021 |   1806 |   4 | 1348.8 |
  Orcish Mines |   2135 |   1909 |    226 |    288 |    997 |   2 | 1067.5 |
   Elven Halls |  10296 |  10003 |    293 |   6280 |    970 |   3 | 3432.0 |
        Vaults |   7328 |   7078 |    250 |   1216 |   4127 |   5 | 1465.6 |
        Depths |   2673 |   2502 |    171 |    553 |   1018 |   2 | 1336.5 |
         Abyss |    620 |    620 |      0 |    205 |     91 |   1 |  620.0 |
         Sewer |   1049 |   1049 |      0 |    571 |     57 |   1 | 1049.0 |
      Gauntlet |    341 |    341 |      0 |      0 |      0 |   1 |  341.0 |
               +--------+--------+--------+--------+--------+-----+--------+

Top non-repeatable levels by time:
   Elf:3: 7340 daAuts
  Lair:2: 3028 daAuts
 Swamp:3: 2621 daAuts
  Lair:5: 2307 daAuts
Vaults:3: 2201 daAuts
 Swamp:4: 2130 daAuts
   Elf:2: 1993 daAuts
 Swamp:1: 1890 daAuts
Vaults:2: 1868 daAuts
Depths:2: 1836 daAuts
Vaults:4: 1750 daAuts
Spider:1: 1707 daAuts
Spider:4: 1550 daAuts
Vaults:1: 1487 daAuts
     D:2: 1473 daAuts
